 Dungeon Crawl Stone Soup version 0.31-b1-17-gcfd88c8481 (webtiles) character file.

Game seed: 3238918062416019118

352 PaiMei the Grave Robber (level 6, 0/46 HPs)
             Began as a Demonspawn Necromancer on Jan 16, 2024.
             Succumbed to an orc wizard's poison
             ... on level 4 of the Dungeon.
             The game lasted 00:04:31 (3256 turns).

PaiMei the Grave Robber (Demonspawn Necromancer)    Turns: 3256, Time: 00:04:32

Health: 0/46       AC:  3    Str:  8    XL:     6   Next: 34%
Magic:  11/11      EV: 18    Int: 18    God:
Gold:   218        SH:  0    Dex: 13    Spells: 7/11 levels left

rFire   . . .        i - +2 whip (elec)
rCold   . . .        (no shield)
rNeg    + . .        a - +0 robe
rPois   .            s - +1 hat
rElec   .            (no cloak)
rCorr   .            (no gloves)
SInv    .            (no boots)
Will    .....        x - amulet of magic regeneration
Stlth   ++           l - +5 ring of evasion
HPRegen 0.27/turn    v - ring of positive energy
MPRegen 0.52/turn

%: no passive effects
@: lethally poisoned (0 -> -34)
A: icemail 1, sturdy frame 2, condensation shield, demonic touch 1
a: no special abilities


You were on level 4 of the Dungeon.
You visited 1 branch of the dungeon, and saw 4 of its levels.

You collected 386 gold pieces.
You spent 168 gold pieces at shops.

Inventory:

Hand Weapons
 i - a +2 whip of electrocution (weapon)
 t - a +2 vampiric dagger
Missiles
 f - 13 poisoned darts (quivered)
Armour
 a - a +0 robe (worn)
 s - a +1 hat (worn)
Jewellery
 l - a +5 ring of evasion (left hand)
 v - a ring of positive energy (right hand)
 x - an amulet of magic regeneration (around neck)
 A - an amulet of guardian spirit
Wands
 r - a wand of light (4)
Scrolls
 d - a scroll of brand weapon {unknown}
 h - 3 scrolls of teleportation
 j - a scroll of enchant weapon {unknown}
 m - a scroll of acquirement {unknown}
 n - a scroll of identify {unknown}
 p - 2 scrolls of vulnerability {unknown}
 q - a scroll of silence {unknown}
 u - a scroll of noise {unknown}
 y - a scroll of fog
 z - a scroll of fear
 B - a scroll of torment {unknown}
 C - a scroll of blinking {unknown}
Potions
 b - a potion of magic
 c - a potion of lignification {unknown}
 e - a potion of brilliance {unknown}
 g - 3 potions of curing {unknown}
 k - 2 potions of attraction {unknown}
 o - 2 potions of degeneration {unknown}
 w - a potion of heal wounds {unknown}


   Skills:
 + Level 2.8 Fighting
 + Level 3.4 Dodging
 - Level 2.0 Stealth
 + Level 3.4 Spellcasting
 + Level 5.6 Necromancy


You had 7 spell levels left.
You knew the following spells:

 Your Spells              Type           Power      Damage    Failure   Level
a - Necrotise             Necr           92%        1d8       1%          1
b - Vampiric Draining     Necr           23%        2d7       4%          3

Your spell library contained the following spells:

 Spells                   Type           Power      Damage    Failure   Level
 Animate Dead             Necr           23%        N/A       16%         4
 Scorch                   Fire           6%         2d5       24%         2
 Curse of Agony           Necr           23%        N/A       38%         5
 Flame Wave               Conj/Fire      3%         2d5       83%         4
 Summon Cactus Giant      Summ           1%         N/A       100%        6


Dungeon Overview and Level Annotations

Branches:
Dungeon (4/15)
 Temple: D:4-7

Altars:

Shops:
D:4 ?


Innate Abilities, Weirdness & Mutations

A meltable icy envelope protects you from harm. (AC +0)
Your movements are less encumbered by armour. (ER -4)
A meltable shield of frost defends you. (SH +0)
Your touch may inflict minor irresistible damage on your foes.


Message History

The orc wizard casts a spell.
The orc wizard flickers and vanishes!
Deactivating autopickup; reactivate with Ctrl-A.
The quokka bites your orc skeleton.
Your orc skeleton is destroyed!
You see here a +0 hand axe.
The orc wizard gestures at you while chanting.
The puff of flame hits something!
You miss something. Something hits you.
You are poisoned.
You closely miss something.
You feel very sick. Something hits you.
You are more poisoned.
The orc wizard gestures wildly while chanting.
The orc wizard flickers and vanishes!
You closely miss something.
You feel very sick. Something hits you but does no damage.
You are more poisoned.
You miss something.
You feel very sick. Something hits you but does no damage.
You are more poisoned.
The orc priest begins to cast a cantrip, but forgets the words!
Something hits you.
You are lethally poisoned!
You barely miss something.
You feel extremely sick.
The quokka twitches its whiskers.
You hear some strange, mumbled words.
A puff of flame appears from out of thin air!
The puff of flame hits you but does no damage.
Your icy defences dissipate!
* * * LOW HITPOINT WARNING * * *
You feel very sick. Something hits you.
* * * LOW HITPOINT WARNING * * *
You are more poisoned.
You die...

#..##........#.#.....
##.#..###.##.........
#####.#.# #. ##........
#..[....####.##.........
##......................
#####.#####............
##..## .......)..
#....### ..........
#..##@..# ....[..... #.#
###{# .......... #. #r#
.......... # #B#
.<........ #.#
......#... .).
.######### ..o.. ......B
........o ##


There were no monsters in sight!

Vanquished Creatures
  2 scorpions (D:4)
  A bombardier beetle (D:3)
  2 hounds (D:4)
  A jelly (D:4)
  An iguana (D:4)
  2 adders (D:3)
  A dart slug (D:2)
  A ribbon worm (D:3)
  2 orcs (D:4)
  10 endoplasms
  4 giant cockroaches
  6 goblins
  4 hobgoblins
  5 jackals
  7 kobolds
  A quokka (D:3)
  5 ball pythons
  4 bats
  2 frilled lizards
  4 rats
65 creatures vanquished.

Vanquished Creatures (collateral kills)
  2 jackals
2 creatures vanquished.

Grand Total: 67 creatures vanquished

Notes
Turn   | Place    | Note
-------+----------+-------------------------------------------
     0 | D:1      | PaiMei the Demonspawn Necromancer began the quest for the
                  | Orb.
     0 | D:1      | Reached XP level 1. HP: 13/13 MP: 3/3
   395 | D:1      | Gained mutation: Your movements are slightly less
                  | encumbered by armour. (ER -2) [demonic ancestry]
   395 | D:1      | Reached XP level 2. HP: 19/19 MP: 3/5
   907 | D:2      | Gained mutation: Your movements are less encumbered by
                  | armour. (ER -4) [demonic ancestry]
   907 | D:2      | Reached XP level 3. HP: 22/25 MP: 0/6
   911 | D:2      | Learned a level 3 spell: Vampiric Draining
  1537 | D:3      | Reached skill level 1 in Fighting
  1814 | D:3      | Gained mutation: A meltable shield of frost defends you.
                  | (SH +0) [demonic ancestry]
  1814 | D:3      | Reached XP level 4. HP: 7/32 MP: 0/7
  2469 | D:3      | Reached skill level 5 in Necromancy
  2904 | D:4      | Gained mutation: A meltable icy envelope protects you from
                  | harm. (AC +0) [demonic ancestry]
  2904 | D:4      | Reached XP level 5. HP: 38/38 MP: 6/9
  3001 | D:4      | Found Runitid's Magic Scroll Emporium.
  3010 | D:4      | Bought a scroll of teleportation for 36 gold pieces
  3010 | D:4      | Bought a scroll of fog for 48 gold pieces
  3010 | D:4      | Bought a scroll of fear for 48 gold pieces
  3010 | D:4      | Bought a scroll of teleportation for 36 gold pieces
  3058 | D:4      | Gained mutation: Your touch may inflict minor irresistible
                  | damage on your foes. [demonic ancestry]
  3058 | D:4      | Reached XP level 6. HP: 33/46 MP: 0/11
  3256 | D:4      | Succumbed to an orc wizard's poison

Illustrated notes

Levels and vault maps discovered:
D:1:      minmay_arrival_radiant_lines, layout_basic
D:2:      layout_loops_cross
D:3:      minmay_skewed_foursquare, layout_rooms,
          mainiacjoe_overflow_tiny_flanked, corexii_shack
D:4:      layout_rooms, serial_shops, shop, uniq_crazy_yiuf_cottage

Skill      XL: |  1  2  3  4  5 |
---------------+----------------+-----
Stealth        | 2 |  2.0
Dodging        | 2 3 |  3.4
Fighting       | 1 2 |  2.8
Necromancy     | 5 |  5.6
Spellcasting   | 3 |  3.4

Action                     |  1- 3 |  4- 6 || total
---------------------------+-------+-------++-------
  Melee: Whip              |     5 |    20 ||    25
   Cast: Necrotise         |    65 |    57 ||   122
         Vampiric Draining |     1 |     9 ||    10
   Stab: Sleeping          |       |     1 ||     1
 Armour: Robe              |    11 |    20 ||    31
  Dodge: Dodged            |    11 |    62 ||    73
  Block: Other             |       |     9 ||     9
